 Dungeon Crawl Stone Soup version 0.31-a0-187-gba352fbbf7 (webtiles) character file.

Game seed: 6885376702205337741

3838 Dittersdorf the Blocker (level 10, -4/65 HPs)
             Began as a Gargoyle Fighter on June 22, 2023.
             Was a Believer of Okawaru.
             Killed by divine providence
             ... invoked by an orc priest
              (16 damage)
             ... on level 10 of the Dungeon.
             The game lasted 00:11:04 (7562 turns).

Dittersdorf the Blocker (Gargoyle Fighter)          Turns: 7562, Time: 00:11:05

Health: -4/65      AC: 39    Str: 27    XL:     10   Next: 18%
Magic:  19/19      EV:  7    Int:  9    God:    Okawaru [**....]
Gold:   736        SH:  5    Dex:  9    Spells: 9/9 levels left

rFire   . . .        z - +1 flail (venom)
rCold   . . .        c - +0 buckler
rNeg    + . .        r - +8 plate armour "Ceofeunn" {Regen+}
rPois   ∞            a - +1 helmet
rElec   +            C - +0 cloak
rCorr   .            q - +2 pair of gloves
SInv    .            x - +2 pair of boots of Guank {Str+3}
Will    .....        (no amulet) Stlth
                     b - ring of flight
HPRegen 1.10/turn    B - ring of magical power
MPRegen 0.16/turn

%: no passive effects
@: flying
A: sickness immunity, AC +7, negative energy resistance 1, electricity
resistance, torment resistance 1, petrification resistance
a: Renounce Religion, Heroism


You were on level 10 of the Dungeon.
You worshipped Okawaru.
Okawaru was pleased with you.
You visited 2 branches of the dungeon, and saw 10 of its levels.
You also visited: Ossuary.

You collected 736 gold pieces.

Inventory:

Hand Weapons
 z - a +1 flail of venom (weapon)
Missiles
 e - a throwing net
 k - a curare-tipped dart (quivered)
Armour
 a - a +1 helmet (worn)
 c - a +0 buckler (worn)
 q - a +2 pair of gloves (worn)
 r - the +8 plate armour "Ceofeunn" (worn) {Regen+}
   (You found it on level 6 of the Dungeon)

   Regen:     It increases your rate of health regeneration.
 x - the +2 pair of boots of Guank (worn) {Str+3}
   (You found it on level 8 of the Dungeon)

   Str:       It affects your strength (+3).
 C - a +0 cloak (worn)
Jewellery
 b - a ring of flight (left hand)
 B - a ring of magical power (right hand)
Wands
 f - a wand of flame (12)
Scrolls
 i - 4 scrolls of teleportation
 p - 4 scrolls of enchant weapon
 t - a scroll of revelation
Potions
 d - 4 potions of might
 h - 2 potions of brilliance {unknown}
 j - 6 potions of curing
 l - 2 potions of haste {unknown}
 m - a potion of enlightenment
 n - 2 potions of degeneration {unknown}
 o - 3 potions of attraction {unknown}
 s - 2 potions of ambrosia
 u - a potion of magic
 v - 2 potions of resistance
 w - a potion of cancellation
 A - a potion of invisibility
 E - 2 potions of mutation


   Skills:
 + Level 8.5 Fighting
 + Level 7.4 Maces & Flails
 + Level 8.5 Armour
 + Level 8.6 Shields


You had 9 spell levels left.
You didn't know any spells.
Your spell library contained the following spells:

 Spells                   Type           Power      Damage    Failure   Level
 Magic Dart               Conj           0%         1d3       99%         1
 Shock                    Conj/Air       0%         1d3       99%         1
 Gell's Gravitas          Tloc           0%         N/A       100%        3
 Mephitic Cloud           Conj/Pois/Air  0%         N/A       100%        3
 Swiftness                Air            0%         N/A       100%        3
 Teleport Other           Tloc           0%         N/A       100%        3
 Airstrike                Air            0%         2d(0-16)  100%        4
 Cause Fear               Hex            0%         N/A       100%        4
 Dispersal                Tloc           0%         N/A       100%        6
 Dragon Form              Tmut           0%         N/A       100%        7
 Call Imp                 Summ           Unusable   N/A       N/A         2
 Dragon's Call            Summ           Unusable   N/A       N/A         9

Dungeon Overview and Level Annotations

Branches:
Dungeon (8/15)             Temple (1/1) D:6         Ossuary (visited)
   Lair: D:8-11

Altars:
Ashenzari
Cheibriados
Fedhas
Hepliaklqana
Kikubaaqudgha
Makhleb
Nemelex Xobeh
Okawaru
Ru
Sif Muna
Trog
Vehumet
Wu Jian
Xom
Yredelemnul
Zin
The Shining One

Shops:
D:5 =   D:8 (


Innate Abilities, Weirdness & Mutations

You are immune to sickness and miasma.
Your stone body is resilient. (AC +7)
You are immune to poison.
You resist negative energy. (rN+)
You are resistant to electric shocks. (rElec)
You are resistant to unholy torment.
You are immune to petrification.


Message History

Okawaru accepts your kill.
You barely miss the yak. The yak gores you but does no damage.
You thump the yak!
The yak is poisoned.
The yak is moderately wounded.
The orc priest calls down the wrath of Beogh upon you.
Beogh smites you! The yak gores you.
The orc priest invokes the aid of Beogh against you.
Beogh smites you!
You are too injured to fight recklessly!
You are too injured to fight recklessly!
You are too injured to fight recklessly!
You are too injured to fight recklessly!
You are too injured to fight recklessly!
You are too injured to fight recklessly!
You are too injured to fight recklessly!
You are too injured to fight recklessly!
You are too injured to fight recklessly!
You are too injured to fight recklessly!
You are too injured to fight recklessly!
You are too injured to fight recklessly!
You are too injured to fight recklessly!
You are too injured to fight recklessly!
You are too injured to fight recklessly!
You are too injured to fight recklessly!
You are too injured to fight recklessly!
You are too injured to fight recklessly!
You are too injured to fight recklessly!
You are too injured to fight recklessly!
You are too injured to fight recklessly!
You hit the yak.
The yak looks as sick as possible!
The yak is moderately wounded.
The yak gores you but does no damage.
The orc priest invokes the aid of Beogh against you.
Beogh smites you!
* * * LOW HITPOINT WARNING * * *
You hit the yak but do no damage.
The yak is heavily wounded.
The orc priest calls down the wrath of Beogh upon you.
Beogh smites you!
You die...

#.. #.# ..# ##.##
..# ... ..# ##.#
..+##+ +.o# ..#..#
#..##o#
..#..#+###+#..##Y#
.##..#.....#..##@#
..'..+.._..+..+..#
.##..#.....#..##.#
..#..#'###+#..##.#
#.#..#.....#..##.#
#.'##'##'##'##'..#
#.#.....#.....####
#.#.....#.....#
#.###+##+##'###


You could see a yak (extremely poisoned) and 2 orc priests.

Vanquished Creatures
  Grinder (D:3)
  Sigmund (D:2)
  The ghost of rinse the Sneak, an amateur VSBr (D:4)
  4 yaks (D:10)
  Duvessa (D:7)
  An orc warrior (D:8)
  2 black bears
  A sky beast (D:7)
  4 ice beasts
  An ogre (D:4)
  3 centaurs
  A kobold brigand (D:7)
  2 bullfrogs
  4 scorpions (D:5)
  Dowan (D:7)
  2 vampire bats (D:6)
  A centaur zombie (Ossuary)
  An iron imp (D:5)
  A jelly (D:6)
  5 orc priests
  A human zombie (Ossuary)
  2 hounds
  4 iguanas
  Terence (D:3)
  5 orc wizards
  A sleepcap (D:7)
  3 mummies
  Robin (D:4)
  10 adders
  11 gnolls
  3 shadow imps
  2 white imps
  An ufetubus (D:7)
  A worm (D:4)
  2 dart slugs
  33 orcs
  5 bats
  3 bat skeletons (D:6)
  2 bat zombies (D:6)
  7 endoplasms
  A giant cockroach (D:1)
  3 gnoll zombies (Ossuary)
  15 goblins
  12 hobgoblins
  5 jackals
  4 quokkas
  5 ball pythons
  A frilled lizard (D:2)
  A goblin zombie (Ossuary)
  6 hobgoblin zombies (Ossuary)
  11 kobolds
  2 orc zombies (Ossuary)
  2 rats (D:1)
204 creatures vanquished.

Notes
Turn   | Place    | Note
-------+----------+-------------------------------------------
     0 | D:1      | Dittersdorf the Gargoyle Fighter began the quest for the
                  | Orb.
     0 | D:1      | Reached XP level 1. HP: 14/14 MP: 1/1
   198 | D:1      | Reached XP level 2. HP: 19/19 MP: 2/2
   701 | D:2      | Reached XP level 3. HP: 12/23 MP: 3/3
  1216 | D:2      | Reached XP level 4. HP: 29/29 MP: 4/4
  1585 | D:3      | Noticed Grinder
  1605 | D:3      | Paralysed by Grinder for 3 turns
  1608 | D:3      | HP: 1/29 [Grinder (3)]
  1749 | D:3      | Killed Grinder
  1750 | D:3      | Reached XP level 5. HP: 13/34 MP: 5/5
  1750 | D:3      | Reached XP level 6. HP: 15/39 MP: 6/6
  1879 | D:3      | Noticed Terence
  1905 | D:3      | Killed Terence
  2360 | D:3      | Noticed Sigmund
  2662 | D:2      | Killed Sigmund
  2663 | D:2      | Reached skill level 5 in Fighting
  2663 | D:2      | Reached skill level 5 in Armour
  2663 | D:2      | Reached skill level 5 in Shields
  2663 | D:2      | Reached XP level 7. HP: 30/44 MP: 7/7
  2877 | D:4      | Noticed Robin
  3056 | D:4      | Killed Robin
  3074 | D:4      | Found a runed translucent door.
  3074 | D:4      | Noticed rinse's ghost (amateur VSBr)
  3265 | D:4      | Found a sparkling altar of Nemelex Xobeh.
  3626 | D:4      | Reached XP level 8. HP: 42/51 MP: 8/8
  3893 | D:4      | Found a sacrificial altar of Ru.
  3975 | D:4      | Reached skill level 5 in Maces & Flails
  4196 | D:4      | Killed rinse's ghost
  4234 | D:5      | Entered Level 5 of the Dungeon
  4372 | D:5      | Found a radiant altar of Vehumet.
  4403 | D:5      | Found an ornate altar of the Wu Jian Council.
  4483 | D:5      | Found Webb's Jewellery Emporium.
  5174 | D:5      | Found a snail-covered altar of Cheibriados.
  5361 | D:6      | Identified the +8 plate armour "Ceofeunn" {Regen+}
  5561 | D:6      | Reached XP level 9. HP: 56/56 MP: 9/9
  5708 | D:6      | Found an ancient bone altar of Kikubaaqudgha.
  5793 | D:6      | Found a staircase to the Ecumenical Temple.
  5799 | Temple   | Entered the Ecumenical Temple
  5862 | Temple   | Became a worshipper of Warmaster Okawaru
  6270 | D:7      | Noticed Dowan
  6271 | D:7      | Noticed Duvessa
  6287 | D:7      | Killed Duvessa
  6306 | D:7      | Killed Dowan
  6407 | D:7      | Reached * piety under Okawaru
  6730 | D:8      | Found a sand-covered staircase.
  6744 | Ossuary  | Entered an ossuary
  6932 | D:8      | Found Bierhaikk's Antique Weapon Shoppe.
  7165 | D:8      | Found a shimmering blue altar of Sif Muna.
  7253 | D:8      | Reached ** piety under Okawaru
  7286 | D:8      | Identified the +2 pair of boots of Guank {Str+3}
  7330 | D:8      | Found a basalt altar of Yredelemnul.
  7368 | D:8      | Reached XP level 10. HP: 64/64 MP: 10/10
  7379 | D:8      | Found a blossoming altar of Fedhas.
  7484 | D:8      | You are sucked into a shaft and drop 2 floors!
  7484 | D:10     | Entered Level 10 of the Dungeon
  7500 | D:10     | Found a broken altar of Ashenzari.
  7562 | D:10     | Killed from afar by an orc priest

Illustrated notes

Levels and vault maps discovered:
D:1:      dpeg_arrival_stone_temple_mockup, layout_loops_ring
D:2:      layout_loops_cross
D:3:      layout_loops_ring, uniq_terence, uniq_sigmund, uniq_grinder
D:4:      layout_loops_ring, mainiacjoe_overflow_surrounded_room,
          nicolae_overflow_hidden_temple, hellmonk_ghost_happy_afterlife,
          uniq_robin
D:5:      layout_basic, fiery_altar_vehumet, nzn_wu_jian_council_hall,
          slow_altar_2, serial_shops, shop
D:6:      layout_basic, kennysheep_vampire_church, minmay_temple_entry_fiery
D:7:      layout_basic, uniq_duvessa
D:8:      layout_loops_cross, mainiacjoe_overflow_chevrons,
          nicolae_sif_muna_little_library, general_overflow_altar,
          nicolae_ossuary_entry_giza, serial_shops, shop_fountains
D:10:     layout_rooms, mainiacjoe_overflow_24_doors,
          nicolae_qazlal_eye_of_the_storm, erik_orc_4, uniq_grum
Temple:   bh_familiar_temple

Skill      XL: |  1  2  3  4  5  6  7  8  9 |
---------------+----------------------------+-----
Shields        | 4 5 6 8 |  8.6
Armour         | 4 5 6 8 |  8.5
Fighting       | 4 5 6 8 |  8.5
Maces & Flails | 3 4 5 7 |  7.4

Action                     |  1- 3 |  4- 6 |  7- 9 | 10-12 || total
---------------------------+-------+-------+-------+-------++-------
  Melee: Flail             |   116 |   159 |   633 |    40 ||   948
    Use: Scroll            |       |       |    20 |       ||    20
 Armour: Chain mail        |    82 |   157 |   290 |       ||   529
         Scale mail        |     3 |       |       |       ||     3
         Plate armour      |       |       |   333 |    16 ||   349
  Dodge: Dodged            |    43 |    92 |   266 |     6 ||   407
  Block: Buckler           |    22 |    62 |   211 |     6 ||   301

Table legend: (Time is in decaauts)
 A = Elapsed time spent in this place.
 B = Non-inter-level travel time spent in this place.
 C = Inter-level travel time spent in this place.
 D = Time resting spent in this place.
 E = Time spent auto-exploring this place.
 F = Levels seen in this place.
 G = Mean time per level.
                   A        B        C        D        E       F      G
               +--------+--------+--------+--------+--------+-----+--------+
         Total |   7739 |   7362 |    377 |    604 |   4578 |  11 |  703.5 |
       Dungeon |   7475 |   7133 |    342 |    604 |   4449 |   9 |  830.6 |
        Temple |     99 |     64 |     35 |      0 |     55 |   1 |   99.0 |
       Ossuary |    164 |    164 |      0 |      0 |     74 |   1 |  164.0 |
               +--------+--------+--------+--------+--------+-----+--------+

Top non-repeatable levels by time:
     D:4: 1277 daAuts
     D:3: 1221 daAuts
     D:2: 1190 daAuts
     D:5: 992 daAuts
     D:6: 762 daAuts
     D:1: 721 daAuts
     D:8: 629 daAuts
     D:7: 601 daAuts
 Ossuary: 164 daAuts
  Temple: 99 daAuts
    D:10: 79 daAuts
